 Dungeon Crawl Stone Soup version 0.23-a0-844-gdc03e01 (console) character file.

1562 bli the Slasher (level 8, 0/62 HPs)
             Began as a Merfolk Monk on Jan 26, 2019.
             Succumbed to Eustachio's poison
             ... on level 6 of the Dungeon.
             The game lasted 00:24:35 (6341 turns).

bli the Slasher (Merfolk Monk)                      Turns: 6341, Time: 00:24:36

Health: 0/62       AC:  6    Str: 10 (12) XL:     8   Next: 89%
Magic:  8/8        EV: 16    Int:  6 (9)  God:
Gold:   351        SH:  0    Dex: 15 (18) Spells: 6/7 levels left

rFire    . . .     SeeInvis .   b - +0 short sword (drain)
rCold    + . .     Gourm    .   (no shield)
rNeg     . . .     Faith    .   l - +0 robe
rPois    .         Spirit   .   (no helmet)
rElec    .         Reflect  .   H - +0 cloak
rCorr    .         Harm     .   (no gloves)
MR       .....                  (no boots)
Stlth    +++.......             (no amulet)
HPRegen  0.20/turn              k - ring of protection from cold
MPRegen  0.11/turn              s - +3 ring of protection

@: lethally poisoned (0 -> -17)
A: change form in water, swift swim, stealthy swim
a: no special abilities


You were on level 6 of the Dungeon.
You were not hungry.

You visited 2 branches of the dungeon, and saw 7 of its levels.
You also visited: Sewer.

You collected 351 gold pieces.

Inventory:

Hand Weapons
 a - a +0 falchion
 b - a +0 short sword of draining (weapon)
 c - a +0 rapier
 f - a +2 dagger of freezing
 z - a +0 dagger
 B - a +0 hunting sling
 G - a +2 quarterstaff of chaos
Missiles
 h - 149 stones (quivered)
 r - 40 sling bullets
 t - 8 needles of sleeping
 P - 24 poisoned needles
Armour
 l - a +0 robe (worn)
 D - a +1 chain mail of cold resistance
 H - a +0 cloak (worn)
 I - a +2 ring mail of cold resistance
Jewellery
 k - a ring of protection from cold (left hand)
 s - a +3 ring of protection (right hand)
Wands
 y - a wand of random effects (21)
 R - a wand of polymorph (8)
 S - a wand of enslavement (8)
Scrolls
 e - 5 scrolls of identify {unknown}
 i - 5 scrolls of remove curse {unknown}
 m - 3 scrolls of teleportation
 p - a scroll of noise {unknown}
 q - 3 scrolls of immolation {unknown}
 u - a scroll of blinking {unknown}
 v - 2 scrolls of enchant armour {unknown}
 C - 3 scrolls of enchant weapon {unknown}
 E - a scroll of fog {unknown}
 O - a scroll of amnesia {unknown}
Potions
 j - a potion of cancellation
 n - a potion of ambrosia {unknown}
 o - a potion of lignification {unknown}
 w - 5 potions of flight
 x - a potion of mutation {unknown}
 A - a potion of invisibility {unknown}
 F - a potion of agility {unknown}
 J - 2 potions of brilliance {unknown}
 K - a potion of might {unknown}
 L - a potion of haste {unknown}
 M - a potion of resistance {unknown}
Comestibles
 N - 8 rations
 Q - 3 chunks of flesh


   Skills:
 + Level 5.1 Fighting
 * Level 5.6(8.0) Short Blades
 + Level 7.9(8.6) Long Blades
 * Level 7.0 Dodging
 + Level 5.4 Stealth


You had 6 spell levels left.
You knew the following spells:

 Your Spells              Type           Power        Failure   Level  Hunger
a - Beastly Appendage     Tmut           #.....       45%         1    ##.....

Your spell library contained the following spells:

 Spells                   Type           Power        Failure   Level  Hunger
 Corona                   Hex            #......      45%         1    ##.....
 Ensorcelled Hibernation  Hex/Ice        #.....       58%         2    ###....
 Sticks to Snakes         Tmut           #.......     58%         2    ###....
 Confuse                  Hex            #.......     83%         3    ####...
 Dazzling Spray           Conj/Hex       #.....       83%         3    ####...
 Spider Form              Tmut/Pois      #.........   83%         3    ####...
 Tukima's Dance           Hex            #.......     83%         3    ####...
 Ice Form                 Ice/Tmut       #.......     99%         4    #####..
 Blade Hands              Tmut           #.........   100%        5    ######.


Dungeon Overview and Level Annotations

Branches:
Dungeon (6/15)             Temple (1/1) D:4

Altars:
Ashenzari
Dithmenos
Elyvilon
Fedhas
Gozag
Kikubaaqudgha
Makhleb
Nemelex Xobeh
Okawaru
Qazlal
Ru
Sif Muna
Trog
Uskayaw
Vehumet
Xom
Yredelemnul
Zin
The Shining One

Shops:
D:6 }

Annotations:
D:6 Eustachio


Message History

You feel sick.
Eustachio casts a spell.
Eustachio blinks!
The crimson imp hits you but does no damage.
The ufetubus completely misses you. The ufetubus hits you.
* * * LOW HITPOINT WARNING * * *
The ufetubus barely misses you.
The ufetubus hits you but does no damage.
* * * LOW HITPOINT WARNING * * *
You feel sick. The ufetubus misses you. The ufetubus closely misses you.
It was a potion of cancellation.
You feel magically purged.
* * * LOW HITPOINT WARNING * * *
You feel sick. The ufetubus barely misses you. The ufetubus misses you.
The ufetubus hits you but does no damage.
The ufetubus barely misses you. The crimson imp closely misses you.
The ufetubus closely misses you. x3
The ufetubus completely misses you.
It was a potion of degeneration.
There was something very wrong with that liquid.
You feel weakened.
You feel dopey.
You feel clumsy.
You die...

.....#........ ......#....... .
!............ .. ............
... ........... #..........
.[........ +.........
.........#####+#...#....
..........@.....#.##...
##......555....#.....###
...#####...@..........##.#
##.............##....#...##
...#####.......#.....#....#
#...................<..# ####
##...........##..####..#
##..####.........#####.. #..##
#..⌠.⌠#...#.......# #... #...#
##...∩....###....#####... ##.###
#...⌠.⌠....####..####...###....#
#.........#####..........÷....##
#.#.###..####<..#..........##.##


You could see Eustachio, a crimson imp and 2 ufetubi.

Vanquished Creatures
  Edmund (D:4)
  A phantom (D:5)
  A centaur (D:5)
  2 ogres (D:5)
  4 scorpions (D:4)
  2 howler monkeys
  A bullfrog zombie (D:5)
  A quasit (D:6)
  2 bullfrog skeletons
  Crazy Yiuf (D:3)
  A gnoll shaman (D:4)
  2 jellies (D:4)
  Terence (D:3)
  4 orc wizards
  3 worker ants
  2 merfolk sirens (Sewer)
  A merfolk avatar (Sewer)
  A hound zombie (D:5)
  A worker ant zombie (D:6)
  Robin (D:3)
  6 gnolls
  A river rat (Sewer)
  5 adders
  10 oozes
  An adder zombie (D:5)
  An adder skeleton (D:6)
  A worm (D:3)
  2 dart slugs
  5 leopard geckos
  2 orcs (D:4)
  8 giant cockroaches
  21 goblins
  9 hobgoblins
  2 jackals (D:3)
  A quokka (D:6)
  8 ball pythons
  9 bats
  9 frilled lizards
  9 kobolds
  30 rats
173 creatures vanquished.

Vanquished Creatures (others)
  A fungus (D:4)
  7 toadstools (D:4)
8 creatures vanquished.

Grand Total: 181 creatures vanquished

Notes
Turn   | Place    | Note
-------+----------+-------------------------------------------
     0 | D:1      | bli the Merfolk Monk began the quest for the Orb.
     0 | D:1      | Reached XP level 1. HP: 18/18 MP: 1/1
   140 | D:1      | Reached XP level 2. HP: 20/24 MP: 2/2
   317 | D:1      | Reached XP level 3. HP: 27/29 MP: 3/3
   424 | D:1      | Reached skill level 5 in Dodging
   570 | D:2      | Found an opulent altar of Gozag.
   890 | D:2      | Found a radiant altar of Vehumet.
   986 | D:2      | Found a glowing golden altar of the Shining One.
  1158 | D:2      | Found a white marble altar of Elyvilon.
  1159 | D:2      | Found a bloodstained altar of Trog.
  1471 | D:3      | Found a stormy altar of Qazlal.
  1507 | D:3      | Found a glowing drain.
  1523 | D:3      | Reached XP level 4. HP: 7/35 MP: 4/4
  1562 | Sewer    | Entered a sewer
  1984 | Sewer    | Reached XP level 5. HP: 24/41 MP: 5/5
  2144 | Sewer    | Noticed a malarious merfolk avatar
  2167 | Sewer    | Killed a malarious merfolk avatar
  2378 | D:3      | Found a shimmering altar of Xom.
  2575 | D:3      | Reached skill level 5 in Long Blades
  2585 | D:3      | Noticed Robin
  2614 | D:3      | Killed Robin
  2677 | D:3      | Found a shadowy altar of Dithmenos.
  2694 | D:3      | Reached XP level 6. HP: 39/47 MP: 6/6
  2810 | D:3      | Noticed Terence
  2821 | D:3      | Killed Terence
  2957 | D:3      | Found a runed door.
  2962 | D:3      | Noticed Crazy Yiuf
  2966 | D:3      | Killed Crazy Yiuf
  3159 | D:4      | Noticed Edmund
  3190 | D:4      | Killed Edmund
  3190 | D:4      | Reached skill level 1 in Short Blades
  3276 | D:4      | Reached XP level 7. HP: 35/53 MP: 7/7
  3579 | D:4      | Found a basalt altar of Yredelemnul.
  3684 | D:4      | Found a staircase to the Ecumenical Temple.
  3695 | Temple   | Entered the Ecumenical Temple
  4534 | D:4      | Reached XP level 8. HP: 53/60 MP: 8/8
  4676 | D:5      | Entered Level 5 of the Dungeon
  4693 | D:5      | Reached skill level 5 in Stealth
  4946 | D:5      | Learned a level 1 spell: Beastly Appendage
  5007 | D:5      | Reached skill level 5 in Short Blades
  6186 | D:6      | Reached skill level 5 in Fighting
  6264 | D:6      | Found Aryedy's Gadget Shop.
  6300 | D:6      | Noticed Eustachio
  6339 | D:6      | HP: 2/62 [poisoned by Eustachio]
  6341 | D:6      | Succumbed to Eustachio's poison

Vault maps used:
D:1:      dpeg_arrival_rooms_with_view
D:2:      minmay_alternating_diamond, vehumet_crystals,
          nicolae_overflow_hidden_temple, tso_metal_star,
          gammafunk_temple_overflow_statue, nicolae_gozag_seed_capital
D:3:      nicolae_dithmenos_through_a_glass_darkly, old_standard_altar,
          lemuel_crystal_altar, cheibrodos_sewer_entry_drain,
          chequers_serial_rivers_small_3, kennysheep_doodads,
          mrwooster_statue_mirror, serial_bayou_pond_a, uniq_robin,
          uniq_crazy_yiuf_cottage, uniq_terence
D:4:      cheibrodos_fertilizer, yredelemnul_altar_generic, temple_green,
          serial_rivers, chequers_serial_rivers_small_b,
          chequers_serial_rivers_marsh, chequers_serial_rivers_marsh,
          chequers_serial_rivers_small_3, chequers_serial_rivers_micro_c,
          ebering_dispersal_statue_hall, hangedman_decor_clover_reticule,
          hangedman_minor_gate_pass, uniq_edmund
D:5:      first_ration
D:6:      minmay_general_purpose_star, serial_shops, kennysheep_mini, shop,
          shop_fountains, nicolae_shop_crystal, kennysheep_little_box,
          corexii_shack, uniq_eustachio
Temple:   jpeg_temple_clearing
Sewer:    sewer_sea

Skill      XL: |  1  2  3  4  5  6  7  8 |
---------------+-------------------------+-----
Dodging        | 5 6 7 |  7.0
Long Blades    | 4 5 6 7 |  7.9
Stealth        | 3 4 5 |  5.4
Short Blades   | 1 3 5 |  5.6
Fighting       | 4 5 |  5.1

Action                   |  1- 3 |  4- 6 |  7- 9 || total
-------------------------+-------+-------+-------++-------
Melee: Falchion          |   118 |   209 |   130 ||   457
       Tailslap          |       |    15 |     1 ||    16
       Rapier            |       |    20 |    67 ||    87
       Short sword       |       |       |   162 ||   162
Throw: Stone             |       |    20 |       ||    20
Evoke: Wand              |       |       |     2 ||     2
  Use: Potion            |       |       |     7 ||     7
 Stab: Sleeping          |     8 |    10 |    12 ||    30
  Eat: Chunk             |     2 |     5 |    11 ||    18
Armor: Robe              |    17 |    33 |    84 ||   134
Dodge: Dodged            |   102 |   172 |   338 ||   612
       Rpst.: Falchion   |    37 |    56 |    33 ||   126

Table legend:
 A = Non-vault XP
 B = Vault XP
 C = Vault XP percentage of total XP
 D = Non-vault monster count
 E = Vault monster count
 F = Vault count percentage of total count
                 A         B        C        D         E       F
            +---------+---------+-------+---------+---------+-------
      Total |    1433 |     799 |  35.8 |      91 |      82 |  47.4
            +---------+---------+-------+---------+---------+-------
        D:1 |      45 |       2 |   4.3 |      26 |       2 |   7.1
        D:2 |      19 |       7 |  26.9 |       9 |       4 |  30.8
        D:3 |      71 |     120 |  62.8 |      19 |      16 |  45.7
        D:4 |     315 |     517 |  62.1 |      11 |      22 |  66.7
        D:5 |     815 |       0 |   0.0 |      18 |       0 |   0.0
        D:6 |     168 |       1 |   0.6 |       8 |       1 |  11.1
      Sewer |       0 |     152 | 100.0 |       0 |      37 | 100.0
            +---------+---------+-------+---------+---------+-------
